 Dungeon Crawl Stone Soup version 0.31-a0-875-g02e7d12df6 (webtiles) character file.

Game seed: 5932482308114055212

7070 croobank the Nimble (level 10, -1/48 HPs)
             Began as a Felid Shapeshifter on Oct 12, 2023.
             Was an Elder of Makhleb.
             Slain by a boulder beetle (2 damage)
             ... on level 12 of the Dungeon.
             The game lasted 00:50:15 (10687 turns).

croobank the Nimble (Felid Shapeshifter)           Turns: 10687, Time: 00:50:16

Health: -1/48      AC:  2    Str: 10    XL:     10   Next: 84%
Magic:  26/26      EV: 22    Int: 15    God:    Makhleb [****..]
Gold:   437        SH:  0    Dex: 17    Spells: 12/17 levels left
                                        Lives:  0   Deaths: 3

rFire   + .          .
                       - Unarmed
rCold   . . .        (shield unavailable)
rNeg    . . .        (body armour unavailable)
rPois   .            (helmet unavailable)
rElec   .            (cloak unavailable)
rCorr   .            (gloves unavailable)
SInv    +            (boots unavailable)
Will    +....        f - amulet of magic regeneration
Stlth   ++           e - ring of magical power
HPRegen 0.28/turn    l - ring of protection from fire
MPRegen 0.60/turn

%: no passive effects
@: beast-form, studying Fighting, quick
A: beast (slay +3), very small, claws 1, fangs 3, see invisible, speed 1, shaggy
fur 2, stealthy paws, no weapons or thrown items, no armour, multi-lived
a: Begin Untransformation, Renounce Religion, Minor Destruction, Lesser Servant
of Makhleb, Major Destruction


You were on level 12 of the Dungeon.
You worshipped Makhleb.
Makhleb was greatly pleased with you.
You were a hulking beast.
You visited 1 branch of the dungeon, and saw 12 of its levels.

You collected 437 gold pieces.

Inventory:

Jewellery
 e - a ring of magical power (left paw)
 f - an amulet of magic regeneration (around neck)
 i - an amulet of faith
 k - a ring of ice
 l - a ring of protection from fire (right paw)
 q - a ring of ice
Talismans
 b - a beast talisman (active)
 c - a flux talisman
 h - a storm talisman
Wands
 o - a wand of flame (9)
Scrolls
 a - a scroll of teleportation
 m - 3 scrolls of identify
Potions
 p - 3 potions of brilliance
Miscellaneous
 r - a sack of spiders


   Skills:
 + Level 8.1 Fighting
 + Level 8.5 Dodging
 + Level 6.9 Unarmed Combat
 + Level 4.4 Spellcasting
 * Level 3.7 Conjurations
 - Level 3.0 Hexes
 - Level 3.0 Translocations
 * Level 3.7 Earth Magic
 + Level 7.1 Invocations
 + Level 6.9 Shapeshifting


You had 12 spell levels left.
You knew the following spells:

 Your Spells              Type           Power      Damage    Failure   Level
a - Apportation           Tloc           24%        N/A       4%          1
b - Slow                  Hex            48%        N/A       4%          1
c - Stone Arrow           Conj/Erth      28%        3d8       11%         3

Your spell library contained the following spells:

 Spells                   Type           Power      Damage    Failure   Level
 Jinxbite                 Hex            24%        N/A       8%          2
 Lesser Beckoning         Tloc           24%        N/A       8%          2
 Gell's Gravitas          Tloc           12%        N/A       16%         3
 Teleport Other           Tloc           12%        N/A       16%         3
 Cigotuvi's Dreadful Rot  Necr/Pois/Air  6%         N/A       26%         2
 Poisonous Vapours        Pois/Air       6%         N/A       26%         2
 Mephitic Cloud           Conj/Pois/Air  7%         N/A       30%         3
 Leda's Liquefaction      Hex/Erth       6%         N/A       38%         4
 Ignite Poison            Fire/Tmut/Pois 3%         N/A       45%         3
 Ozocubu's Armour         Ice            3%         N/A       45%         3
 Freezing Cloud           Conj/Ice/Air   3%         6-21      96%         5
 Alistair's Intoxication  Tmut/Pois      2%         N/A       99%         5
 Ozocubu's Refrigeration  Ice            1%         4d7       100%        7


Dungeon Overview and Level Annotations

Branches:
Dungeon (12/15)            Temple (0/1) D:4
   Lair: D:8-11         Orc: D:9-12

Altars:
Cheibriados
Hepliaklqana
Makhleb
Nemelex Xobeh
Ru
Sif Muna
Uskayaw
Xom
Yredelemnul
The Shining One
Jiyva

Shops:
D:7 *

Annotations:
D:3 3 runed translucent doors, xbox's ghost, amateur TrWr
D:8 3 runed translucent doors, Schnaeble's ghost, novice DsGl
D:9 3 runed translucent doors, GilGalad's ghost, novice DjFE
D:10 Lodul


Innate Abilities, Weirdness & Mutations

You are a hulking beast.
Your limbs bulge with bestial killing power. (Slay +3)
You have sharp claws.
You have razor-sharp teeth.
You have supernaturally acute eyesight. (SInv)
You cover ground quickly. (Speed+)
You are covered in thick fur. (AC +2)
Your paws help you pounce on unaware monsters.
You are incapable of wielding weapons or throwing items.
You cannot wear armour.
You gain extra lives every three experience levels.


Message History

Aiming: Corrosive Bolt
Press: ? - help, Shift-Dir - straight line, f/p - boulder beetle
Aim: a boulder beetle (severely wounded, rolling, 100% to hit)
The bolt of acid hits the boulder beetle but does no damage.
The boulder beetle is severely wounded.
Aiming: Corrosive Bolt
Press: ? - help, Shift-Dir - straight line, f/p - boulder beetle
Aim: a boulder beetle (severely wounded, rolling, 100% to hit)
The bolt of acid hits the boulder beetle but does no damage.
The boulder beetle is severely wounded.
The now-empty wand crumbles to dust.
The boulder beetle hits you!!!
Ouch! That really hurt!
* * * LOW HITPOINT WARNING * * *
The boulder beetle stops rolling and uncurls.
Okay, then.
Okay, then.
Aiming: Throw Flame
Press: ? - help, Shift-Dir - straight line, f/p - boulder beetle
Aim: a boulder beetle (severely wounded, 100% to hit)
The puff of flame hits the boulder beetle but does no damage.
The boulder beetle is severely wounded.
The boulder beetle closely misses you.
Aiming: Throw Flame
Press: ? - help, Shift-Dir - straight line, f/p - boulder beetle
Aim: a boulder beetle (severely wounded, 100% to hit)
The puff of flame hits the boulder beetle but does no damage.
The boulder beetle is severely wounded.
The boulder beetle bites you.
* * * LOW HITPOINT WARNING * * *
Okay, then.
Okay, then.
Okay, then.
Okay, then.
You barely miss the boulder beetle.
The boulder beetle is severely wounded.
The boulder beetle misses you.
You scratch the boulder beetle but do no damage.
The boulder beetle is severely wounded.
The boulder beetle bites you.
You die...

#.# ##
#.##
##.#.##
#.###.#
##.#.##
#..##
#.##
#.# #h#
#B# #(#
#.# #.#
... #.#
###


You could see a boulder beetle.

Vanquished Creatures
  A two-headed ogre (D:9)
  Jeremiah (D:8)
  2 flying skulls (D:9)
  Sigmund (D:5)
  6 yaks (D:8)
  A vampire (D:11)
  A basilisk (D:11)
  4 wyverns
  2 vampire mosquitoes
  A water moccasin (D:6)
  An ice beast (D:8)
  3 sky beasts
  An orc warrior (D:9)
  5 centaurs
  2 ogres
  4 phantoms
  3 kobold brigands
  3 bullfrogs
  2 scorpions (D:6)
  8 wights
  11 killer bees
  An electric eel (D:6)
  4 howler monkeys
  4 hounds
  A jelly (D:4)
  2 orc priests
  A sleepcap (D:6)
  5 iguanas
  5 orc wizards
  6 adders
  2 white imps (D:7)
  An ufetubus (D:5)
  A worm (D:3)
  3 dart slugs
  24 orcs
  4 bats
  6 endoplasms
  4 giant cockroaches
  11 goblins
  7 hobgoblins
  7 jackals (D:1)
  16 kobolds
  3 quokkas
  11 ball pythons
  2 frilled lizards
  4 rats
198 creatures vanquished.

Vanquished Creatures (collateral kills)
  A centaur (D:7)
  Crazy Yiuf (D:7)
2 creatures vanquished.

Grand Total: 200 creatures vanquished

Notes
Turn   | Place    | Note
-------+----------+-------------------------------------------
     0 | D:1      | croobank the Felid Shapeshifter began the quest for the
                  | Orb.
     0 | D:1      | Reached XP level 1. HP: 9/9 MP: 2/2
   170 | D:1      | Reached XP level 2. HP: 11/12 MP: 3/3
   262 | D:1      | Found a faded altar of an unknown god.
   265 | D:1      | Prayed at the altar of an unknown god.
   265 | D:1      | Became a worshipper of Makhleb the Destroyer
   265 | D:1      | Reached * piety under Makhleb
   503 | D:1      | Reached XP level 3. HP: 12/16 MP: 4/4
   929 | D:2      | Reached ** piety under Makhleb
   959 | D:2      | Reached XP level 4. HP: 12/19 MP: 5/5
  1171 | D:3      | Noticed xbox's ghost (amateur TrWr)
  1171 | D:3      | Found a runed translucent gate.
  1171 | D:3      | Found a runed translucent gate.
  1171 | D:3      | Found a runed translucent gate.
  1206 | D:3      | Found a sparkling altar of Nemelex Xobeh.
  1269 | D:3      | Found a snail-covered altar of Cheibriados.
  1290 | D:3      | Identified the +5 spear of the Final Decision {freeze, rC+
                  | Str+3 Int+5}
  1861 | D:4      | Reached XP level 5. HP: 11/23 MP: 6/6
  1915 | D:4      | Found a staircase to the Ecumenical Temple.
  2005 | D:4      | Noticed an ogre
  2012 | D:4      | Killed an ogre
  2013 | D:4      | Reached skill level 1 in Invocations
  2563 | D:5      | Entered Level 5 of the Dungeon
  2661 | D:5      | Reached *** piety under Makhleb
  2676 | D:5      | Gained mutation: You are covered in thick fur. (AC +2)
                  | [Felid growth]
  2676 | D:5      | Reached XP level 6. HP: 25/27 MP: 8/8
  2952 | D:5      | Reached skill level 5 in Dodging
  3082 | D:5      | Reached XP level 7. HP: 17/31 MP: 8/10
  3199 | D:5      | Noticed Sigmund
  3210 | D:5      | Killed Sigmund
  3211 | D:5      | Reached skill level 1 in Spellcasting
  3611 | D:6      | Identified a scroll of acquirement
  3611 | D:6      | Acquired a manual of Fighting
  3637 | D:6      | Found a sacrificial altar of Ru.
  3802 | D:6      | Reached skill level 5 in Shapeshifting
  3899 | D:6      | Reached XP level 8. HP: 28/36 MP: 10/12
  3974 | D:6      | Reached skill level 5 in Unarmed Combat
  4010 | D:6      | Reached skill level 5 in Fighting
  4080 | D:6      | Learned a level 1 spell: Apportation
  4259 | D:6      | Reached skill level 5 in Invocations
  4615 | D:6      | Reached skill level 1 in Translocations
  4615 | D:6      | Reached XP level 9. HP: 41/41 MP: 14/14
  4740 | D:6      | Reached **** piety under Makhleb
  4882 | D:7      | Shot with an arrow by a centaur
  5237 | D:7      | Found a runed translucent door.
  5238 | D:7      | Noticed Crazy Yiuf
  5249 | D:7      | Killed Crazy Yiuf
  5542 | D:7      | Found Yxuig's Neck Hole.
  6055 | D:8      | Found a hazy altar of Hepliaklqana.
  6056 | D:8      | Found a shimmering altar of Xom.
  6057 | D:8      | Noticed a spectral ugly thing
  6257 | D:8      | Got a tattered book
  6260 | D:8      | Learned a level 1 spell: Slow
  6288 | D:8      | Found a shimmering blue altar of Sif Muna.
  6341 | D:8      | Noticed Jeremiah
  6373 | D:8      | Killed Jeremiah
  6374 | D:8      | Reached skill level 1 in Hexes
  6489 | D:8      | Learned a level 3 spell: Stone Arrow
  6545 | D:8      | Found a runed translucent gate.
  6545 | D:8      | Found a runed translucent gate.
  6546 | D:8      | Found a runed translucent gate.
  6547 | D:8      | Noticed Schnaeble's ghost (novice DsGl)
  6548 | D:8      | Noticed a centaur warrior
  6548 | D:8      | Noticed a kobold demonologist
  7540 | D:8      | Reached skill level 1 in Conjurations
  7540 | D:8      | Reached skill level 1 in Earth Magic
  7844 | D:8      | Reached XP level 10. HP: 42/47 MP: 16/16
  8452 | D:9      | Found a runed translucent gate.
  8452 | D:9      | Found a runed translucent gate.
  8452 | D:9      | Found a runed translucent gate.
  8455 | D:9      | Noticed GilGalad's ghost (novice DjFE)
  8555 | D:9      | Noticed a two-headed ogre
  8564 | D:9      | Slain by a two-headed ogre
  8587 | D:9      | Killed a two-headed ogre
  9058 | D:9      | Found a basalt altar of Yredelemnul.
  9060 | D:9      | Noticed a profane servitor
  9070 | D:9      | Found a glowing golden altar of the Shining One.
  9072 | D:9      | Noticed an angel
  9391 | D:9      | Found a viscous altar of Jiyva.
  9562 | D:10     | Entered Level 10 of the Dungeon
  9697 | D:10     | Noticed a spectral centaur warrior
  9885 | D:10     | Noticed Lodul
  9945 | D:10     | Found a hide-covered altar of Uskayaw.
 10169 | D:10     | HP: 2/47 [centaur warrior zombie (6)]
 10549 | D:11     | Noticed an elephant
 10580 | D:11     | Slain by a basilisk
 10663 | D:12     | Noticed a boulder beetle
 10683 | D:12     | HP: 1/48 [boulder beetle (38)]
 10687 | D:12     | Slain by a boulder beetle

Illustrated notes

Levels and vault maps discovered:
D:1:      eino_arrival_cavern_b, layout_rooms,
          shapermc_ecumenical_altar_mp_vishouse, minmay_misc_feat_tiny
D:2:      layout_basic
D:3:      layout_basic, nicolae_overflow_squiral, biasface_ghost_orc_armoury,
          minmay_cupped
D:4:      layout_gridville, minmay_temple_entry_large_hall,
          hangedman_decor_lopped
D:5:      layout_basic, uniq_sigmund
D:6:      cheibrodos_helix_gallery, layout_basic,
          mainiacjoe_overflow_tiny_flanked
D:7:      layout_layer_cave, nicolae_shop_sticking_my_neck_out,
          uniq_crazy_yiuf_cottage
D:8:      layout_loops_ring, regret_index_temple_of_mockery, led_sif_pool,
          gammafunk_ghost_split, uniq_jeremiah
D:9:      layout_roguey, grunt_temple_overflow_holy_war, gammafunk_ghost_ooze
D:10:     lemuel_vampire_tower, layout_long_grid, lemuel_tele_altar, uniq_lodul
D:11:     layout_loops_cross, david_lair_generic
D:12:     dreamdust_wu_jian_sword_trials, layout_loops_ring, hiddenorc1_lemuel,
          uniq_urug, uniq_kirke, uniq_fannar

Skill      XL: |  1  2  3  4  5  6  7  8  9 10 |
---------------+-------------------------------+-----
Dodging        | 3 4 5 6 7 8 |  8.5
Fighting       | 2 3 4 5 7 8 |  8.1
Shapeshifting  | 4 5 6 |  6.9
Unarmed Combat | 4 5 6 |  6.9
Invocations    | 1 2 4 5 6 7 |  7.1
Spellcasting   | 1 2 3 4 |  4.4
Translocations | 1 3 |  3.0
Hexes          | 2 3 |  3.0
Conjurations   | 1 3 |  3.7
Earth Magic    | 1 3 |  3.7

Action                     |  1- 3 |  4- 6 |  7- 9 | 10-12 || total
---------------------------+-------+-------+-------+-------++-------
  Melee: Unarmed           |    90 |   136 |   269 |   139 ||   634
         Bite              |     4 |    10 |    29 |    18 ||    61
         Punch             |     1 |     9 |    14 |     5 ||    29
   Cast: Slow              |       |       |     6 |     6 ||    12
         Stone Arrow       |       |       |       |    19 ||    19
 Invoke: Minor Destruction |       |     1 |       |     1 ||     2
         Major Destruction |       |       |     1 |     3 ||     4
         Lesser Servant of |       |       |     1 |       ||     1
  Evoke: Wand              |       |       |    18 |    27 ||    45
    Use: Scroll            |     1 |     2 |    13 |     5 ||    21
         Potion            |     1 |     1 |     3 |     9 ||    14
   Stab: Sleeping          |     5 |     4 |     1 |       ||    10
         Distracted        |       |     1 |       |       ||     1
 Armour: Skin              |    26 |    29 |    82 |   123 ||   260
  Dodge: Dodged            |    81 |    81 |   228 |   219 ||   609

Table legend: (Time is in decaauts)
 A = Elapsed time spent in this place.
 B = Non-inter-level travel time spent in this place.
 C = Inter-level travel time spent in this place.
 D = Time resting spent in this place.
 E = Time spent auto-exploring this place.
 F = Levels seen in this place.
 G = Mean time per level.
                   A        B        C        D        E       F      G
               +--------+--------+--------+--------+--------+-----+--------+
         Total |   9357 |   8978 |    379 |   2840 |   4040 |  12 |  779.8 |
       Dungeon |   9357 |   8978 |    379 |   2840 |   4040 |  12 |  779.8 |
               +--------+--------+--------+--------+--------+-----+--------+

Top non-repeatable levels by time:
     D:9: 2149 daAuts
     D:8: 1404 daAuts
     D:7: 1249 daAuts
     D:6: 1226 daAuts
     D:5: 782 daAuts
     D:4: 606 daAuts
     D:3: 555 daAuts
     D:1: 530 daAuts
     D:2: 453 daAuts
    D:10: 218 daAuts
    D:11: 92 daAuts
    D:12: 87 daAuts
